AoeStats
← cas

Arabia

507814486Analyzed
1v1 RM · 14d ago on Sep 19, 2026· 39m 32s· 2 players
Game mode
Random Map
Map size
Tiny (2 player)
Population
200
Speed
Normal
Resources
Standard
Victory
Conquest
Starting age
Dark Age
Ending age
Imperial Age
RankedLock teamsTeams togetherTeam positionsShared explorationLock speedFull tech treeHidden civsTurbo modeCheats
Victory
Defeat
🇷🇺 Persians · Russia
904
+15
🇩🇪 Koreans · Germany
884
-15
cas
7:42 Loom
12:08 Feudal Age
12:37 Double-Bit Axe
12:46 Horse Collar
15:18 Forging
19:28 Castle Age
19:22 Fletching
21:02 Wheelbarrow
20:42 Bow Saw
20:29 Gold Mining
22:58 Bodkin Arrow
23:05 Crossbowman
25:14 Heavy Plow
25:56 Pikeman
26:42 Scale Mail Armor
28:47 Stone Mining
31:36 Town Watch
34:24 Ballistics
35:01 Forging
36:55 Chain Mail Armor
41:11 Imperial Age
Varan
0:44 Loom
12:13 Feudal Age
13:25 Wheelbarrow
12:36 Town Watch
12:52 Double-Bit Axe
13:38 Horse Collar
21:55 Castle Age
20:17 Gold Mining
20:18 Stone Mining
20:58 Bloodlines
21:19 Forging
21:59 Scale Barding Armor
22:46 Husbandry
23:39 Fletching
23:55 Heavy Plow
28:49 Hand Cart
28:34 Town Patrol
32:06 Bow Saw
33:27 Murder Holes
33:43 Masonry
35:20 Ballistics
39:05 Imperial Age
37:19 Kamandaran
39:59 Conscription
40:16 Hoardings
Connection lost

Rejoining the realm…

Still unreachable

The connection could not be restored.

Session expired

The server has moved on; the page needs a fresh start.